 Dungeon Crawl Stone Soup version 0.29-a0-837-g174bc33 (webtiles) character file.

Game seed: 9911603547999740029

111345 GeorgeSoros the Nimble (level 16, -1/111 HPs)
             Began as a Demonspawn Ice Elementalist on July 14, 2022.
             Was the Champion of Qazlal.
             Killed from afar by a will-o-the-wisp (26 damage)
             ... with a foxfire
             ... on level 2 of the Swamp on July 15, 2022.
             The game lasted 02:10:12 (31490 turns).

GeorgeSoros the Nimble (DsIE)                      Turns: 31490, Time: 02:10:13

Health: -1/111     AC: 27    Str: 10    XL:     16   Next: 9%
Magic:  10/34      EV: 17    Int: 31    God:    Qazlal [******]
Gold:   2923       SH: 19    Dex: 15    Spells: 8/27 levels left

rFire   . . .      SeeInvis .   j - +7 trident "Refiu" {flame, rC+ Int+3}
rCold   + + .      Faith    .   H - +0 buckler
rNeg    . . .      Spirit   .   Z - +2 leather armour {rPois}
rPois   +          Reflect  +   (helmet unavailable)
rElec   +          Harm     .   y - +2 cloak
rCorr   +          Rampage  .   p - +1 pair of gloves of Intuition {+Inv rElec rF- rCorr}
Will    +....                   x - +2 pair of boots
Stlth   +.........              M - amulet "Goaf" {Reflect rF+ MP+9 Slay+5 SH+5}
HPRegen 0.28/turn               D - +4 ring of slaying
MPRegen 0.24/turn               C - +6 ring of intelligence

@: ice-armoured, protected from cold, repel missiles
A: horns 3, slimy green scales 3, demonic guardian 2, powered by death 2,
bedeviling
a: Renounce Religion, Evoke Invisibility, Upheaval, Elemental Force, Disaster
Area


You were on level 2 of the Swamp.
You worshipped Qazlal.
Qazlal was exalted by your worship.
You visited 4 branches of the dungeon, and saw 24 of its levels.
You also visited: Gauntlet and Ice Cave.

You collected 3382 gold pieces.
You spent 459 gold pieces at shops.

Inventory:

Hand Weapons
 j - the +7 trident "Refiu" (weapon) {flame, rC+ Int+3}
   (You found it on level 13 of the Dungeon)

   It burns those it strikes, dealing additional fire damage.
   Int:       It affects your intelligence (+3).
   rC:        It protects you from cold.
Missiles
 w - 2 throwing nets
Armour
 p - the +1 pair of gloves of Intuition (worn) {+Inv rElec rF- rCorr}
   (You found it in a Gauntlet)

   rF:        It makes you vulnerable to fire.
   rElec:     It insulates you from electricity.
   +Inv:      It lets you turn invisible.
   rCorr:     It protects you from acid and corrosion.
 x - a +2 pair of boots (worn)
 y - a +2 cloak (worn)
 H - a +0 buckler (worn)
 Q - +0 fire dragon scales
 T - a +1 kite shield of cold resistance
 Z - a +2 leather armour of poison resistance (worn)
Jewellery
 c - a +4 ring of protection
 q - a ring of see invisible
 t - the amulet "Aben" {RegenMP rN+ Str+2}
   (You found it on level 13 of the Dungeon)

   [amulet of magic regeneration]

   It increases your rate of magic regeneration.
   Str:       It affects your strength (+2).
   rN:        It protects you from negative energy.
 C - a +6 ring of intelligence (right hand)
 D - a +4 ring of slaying (left hand)
 K - a +4 ring of slaying
 M - the amulet "Goaf" (around neck) {Reflect rF+ MP+9 Slay+5 SH+5}
   (You found it on level 6 of the Lair of Beasts)

   [amulet of reflection]

   It reflects blocked missile attacks.
   Slay:      It affects your accuracy & damage with ranged weapons and melee
   (+5).
   rF:        It protects you from fire.
   MP:        It affects your magic capacity (+9).
   SH:        It affects your SH (+5).
 R - a +6 ring of strength
 V - an amulet of magic regeneration
 W - a +6 ring of intelligence
Wands
 a - a wand of acid (14)
 e - a wand of digging (6)
 O - a wand of mindburst (12)
 X - a wand of iceblast (5)
Scrolls
 d - 3 scrolls of magic mapping
 g - 4 scrolls of enchant weapon
 i - 15 scrolls of teleportation
 n - 4 scrolls of poison
 r - 2 scrolls of amnesia
 u - 2 scrolls of immolation
 v - a scroll of fear
 A - 2 scrolls of brand weapon
 F - 3 scrolls of fog
 G - 4 scrolls of blinking
 N - 9 scrolls of identify
Potions
 b - 3 potions of magic
 f - 19 potions of curing
 h - 7 potions of flight
 k - 7 potions of haste
 l - 2 potions of brilliance
 m - 4 potions of invisibility
 o - a potion of resistance
 E - 5 potions of cancellation
 I - 2 potions of ambrosia
 S - 2 potions of mutation
 Y - a potion of might


   Skills:
 - Level 6.0 Fighting
 + Level 5.9 Polearms
 + Level 7.8 Armour
 - Level 12.6 Dodging
 - Level 1.7 Stealth
 + Level 6.9 Shields
 - Level 6.0 Spellcasting
 - Level 11.0 Conjurations
 - Level 11.0 Ice Magic
 - Level 11.4 Air Magic
 + Level 10.5 Invocations


You had 8 spell levels left.
You knew the following spells:

 Your Spells              Type           Power      Damage    Failure   Level
a - Freeze                Ice            100%       1d11      1%          1
b - Frozen Ramparts       Ice            100%       1d12      1%          3
c - Ozocubu's Armour      Ice            67%        N/A       1%          3
d - Static Discharge      Conj/Air       68%        3-12/arc  1%          2
e - Lightning Bolt        Conj/Air       34%        1d51      2%          5
f - Freezing Cloud        Conj/Ice/Air   34%        6-21      2%          5

Your spell library contained the following spells:

 Spells                   Type           Power      Damage    Failure   Level
 Poisonous Vapours        Pois/Air       88%        N/A       1%          2
 Mephitic Cloud           Conj/Pois/Air  53%        N/A       1%          3
 Hailstorm                Conj/Ice       67%        3d14      1%          4
 Stone Arrow              Conj/Erth      86%        3d12      2%          3
 Apportation              Tloc           18%        N/A       8%          1
 Beastly Appendage        Tmut           18%        N/A       8%          1
 Necrotise                Necr           36%        1d5       8%          1
 Sting                    Tmut/Pois      36%        1d4       8%          1
 Summon Small Mammal      Summ           36%        N/A       8%          1
 Fulminant Prism          Conj/Hex       30%        3d16      9%          4
 Ice Form                 Ice/Tmut       43%        N/A       9%          4
 Iskenderun's Mystic Bla  Conj/Tloc      43%        2d10      9%          4
 Summon Ice Beast         Ice/Summ       43%        N/A       9%          4
 Blink                    Tloc           18%        N/A       12%         2
 Wereblood                Tmut           9%         N/A       12%         2
 Corpse Rot               Necr/Pois/Air  32%        N/A       17%         4
 Metabolic Englaciation   Hex/Ice        30%        N/A       22%         5
 Confusing Touch          Hex            13%        N/A       24%         3
 Gell's Gravitas          Tloc           9%         N/A       24%         3
 Ignite Poison            Fire/Tmut/Pois 9%         N/A       24%         3
 Lesser Beckoning         Tloc           9%         N/A       24%         3
 Spider Form              Tmut/Pois      9%         N/A       24%         3
 Summon Guardian Golem    Hex/Summ       13%        N/A       24%         3
 Teleport Other           Tloc           9%         N/A       24%         3
 Ozocubu's Refrigeration  Ice            33%        4d11      56%         7
 Orb of Destruction       Conj           33%        9d10      58%         7
 Anguish                  Hex/Necr       6%         N/A       61%         4
 Animate Armour           Summ/Erth      18%        N/A       61%         4
 Dispel Undead            Necr           9%         3d8       61%         4
 Olgreb's Toxic Radiance  Pois           9%         N/A       61%         4
 Simulacrum               Ice/Necr       21%        N/A       77%         6
 Lee's Rapid Deconstruct  Erth           4%         3d6*      91%         5
 Manifold Assault         Tloc           9%         N/A       91%         5
 Yara's Violent Unravell  Hex/Tmut       6%         3d5       91%         5
 Maxwell's Capacitive Co  Air            34%        ∞         99%         8
 Death Channel            Necr           4%         N/A       100%        6
 Enfeeble                 Hex            6%         N/A       100%        7
 Spellforged Servitor     Conj/Summ      21%        N/A       100%        7
 Storm Form               Tmut/Air       22%        N/A       100%        7
 Lehudib's Crystal Spear  Conj/Erth      21%        10d6      100%        8
 Polar Vortex             Ice            33%        N/A       100%        9


Dungeon Overview and Level Annotations

Branches:
Dungeon (14/15)            Temple (0/1) D:5            Lair (6/6) D:8
  Swamp (2/4) Lair:3       Spider (0/4) Lair:4        Slime (0/5) Lair:6
    Orc (2/2) D:12            Elf (0/3) Orc:2        Vaults (0/5) D:14
  IceCv (visited)         Gauntlet (visited)

Altars:
Ashenzari
Cheibriados
Dithmenos
Hepliaklqana
Kikubaaqudgha
Makhleb
Qazlal
Ru
Uskayaw
Vehumet
Wu Jian
Xom
Jiyva

Shops:
Orc:2 *(=[

Portals:
Hell: Lair:6

Annotations:
D:9 4 transporters
Lair:6 1 runed translucent door, Dega's ghost, journeyman SpHu


Innate Abilities, Weirdness & Mutations

You have a pair of large horns on your head.
You are completely covered in slimy green scales. (AC +4, rPois)
A demonic guardian rushes to your aid.
You regenerate health from kills.
Your hexes are more powerful.


Message History

Okay, then.
You miss the tyrant leech.
The tyrant leech is heavily wounded.
The bog body is struck by lightning.
You block the bog body's attack.
The will-o-the-wisp gestures.
The will-o-the-wisp conjures some foxfire!
The will-o-the-wisp is engulfed in freezing vapours.
The will-o-the-wisp blinks!
You block the tyrant leech's attack. 2 foxfires come into view.
Casting: Ozocubu's Armour (safe; 1% risk of failure)
Confirm with . or Enter, or press ? or * to list all spells.
Aiming: Freezing Cloud (dangerous; 2% risk of failure)
Press: ? - help, Dir - move target, f - tyrant leech
Aim: a tyrant leech (heavily wounded)
The foxfire is engulfed in freezing vapours. x5
You block the bog body's attack.
The will-o-the-wisp is engulfed in freezing vapours.
You block the will-o-the-wisp's attack.
The will-o-the-wisp is engulfed in freezing vapours.
The will-o-the-wisp gestures.
The will-o-the-wisp conjures some foxfire!
The foxfire is engulfed in freezing vapours.
The foxfire moves out of view.
A foxfire comes into view.
You barely miss the tyrant leech.
The tyrant leech is heavily wounded.
The foxfire is engulfed in freezing vapours. x4
The bog body touches you but does no damage.
The tyrant leech is engulfed in freezing vapours.
You block the tyrant leech's attack.
The will-o-the-wisp is engulfed in freezing vapours. x2
The will-o-the-wisp gestures.
The will-o-the-wisp conjures some foxfire!
The foxfire is engulfed in freezing vapours. 2 foxfires come into view.
You barely miss the tyrant leech. Your headbutt misses the tyrant leech.
The tyrant leech is almost dead.
The foxfire is engulfed in freezing vapours. x7
The foxfire hits you!!
You die... ♣.≈≈<♣ .. ♣≈≈..♣ ..§ ♣♣≈.≈♣ §♣§♣ ♣.... .☼§☼≈ ♣..≈. §)v♣ ♣..≈.≈ vv♣

♣.≈.≈≈ ♣w♣♣
♣..≈≈≈. ♣§@♣
♣vnv§§♣
≈§§☼v○♣..≈≈
.≈§§§☼♣○☼. ..
≈.≈≈.§≈≈♣.≈≈$
♣.≈♣≈.≈≈♣.≈≈...
.≈≈≈≈.≈.♣ ≈....
≈.≈§≈..≈≈ .≈≈..


You could see a tyrant leech, 2 will-o-the-wisps and a bog body.

Vanquished Creatures
  Frances (D:14)
  An orc warlord (Orc:2)
  A reaper (IceCv)
  A bunyip (Swamp:1)
  A minotaur (Gauntlet)
  The ghost of Think the Martial Artist, a journeyman OpFi of the Shining One (Lair:5)
  Josephine (D:13)
  A great orb of eyes (Gauntlet)
  2 vault guards (D:14)
  A boulder beetle (D:13)
  11 hydras
  A hell beast (Lair:6)
  An ice dragon (D:11)
  2 centaur warriors (D:13)
  3 two-headed ogres
  5 alligators (Swamp:1)
  A catoblepas (Lair:5)
  6 death yaks
  An orc high priest (Orc:2)
  Amaemon (Lair:2)
  2 goliath frogs (Swamp:1)
  12 skeletal warriors
  2 spriggan druids
  3 orc knights (Orc:2)
  3 swamp dragons
  2 wizards
  5 bog bodies
  A necromancer (D:14)
  4 ugly things
  A deep elf pyromancer (D:13)
  4 orc sorcerers
  2 will-o-the-wisps (Swamp:1)
  A cyclops (D:13)
  A manticore (D:14)
  A black mamba (shapeshifter) (D:14)
  2 black mambas
  4 orange demons
  9 cane toads
  A smoke demon (Lair:6)
  Maggie (D:6)
  An ice statue (IceCv)
  2 gargoyles (D:12)
  16 elephants
  A torpor snail (Lair:6)
  6 rime drakes
  4 unseen horrors
  A yaktaur (D:14)
  An efreet (D:14)
  3 ice devils
  12 komodo dragons
  2 freezing wraiths
  A tengu conjurer (D:14)
  9 trolls
  3 meliai (D:14)
  A red devil (Lair:6)
  4 polar bears
  A tyrant leech (Swamp:1)
  Prince Ribbit (D:6)
  12 slime creatures (D:12)
  22 blink frogs
  2 jumping spiders (Lair:4)
  A dire elephant simulacrum (IceCv)
  A vampire (D:11)
  56 yaks
  3 shadows
  7 wraiths
  7 wyverns
  A culicivora (Lair:4)
  4 water elementals (D:14)
  6 basilisks
  21 humans (D:14)
  A golden eye (shapeshifter) (D:14)
  5 vampire mosquitoes
  A steam dragon (D:8)
  3 redbacks (Lair:4)
  A harpy simulacrum (IceCv)
  6 swamp worms
  A death yak simulacrum (IceCv)
  Menkaure (D:6)
  2 acid dragons
  3 wargs
  18 water moccasins
  3 hell hounds (Lair:6)
  Duvessa (D:6)
  29 orc warriors
  4 swamp drakes (Swamp:1)
  An ice beast (D:6)
  9 ogres
  2 sky beasts (D:8)
  12 wolves
  11 centaurs
  2 kobold brigands
  19 bullfrogs
  4 cane toad simulacra (IceCv)
  A necrophage (D:5)
  5 scorpions
  6 two-headed ogre simulacra (IceCv)
  5 wights (D:9)
  Dowan (D:6)
  8 killer bees (D:9)
  10 howler monkeys
  3 electric eels
  4 crimson imps (D:6)
  7 jellies
  Crazy Yiuf (D:6)
  18 orc priests
  7 hounds
  A gnoll bouda (D:6)
  2 iguanas
  16 orc wizards
  10 troll simulacra (IceCv)
  2 wolf simulacra (IceCv)
  2 polar bear simulacra (IceCv)
  7 spriggan simulacra (IceCv)
  11 gnolls
  4 naga simulacra (IceCv)
  7 adders
  5 white imps
  3 ufetubi
  A worm (D:4)
  2 dart slugs
  62 orcs
  5 bats
  9 endoplasms
  5 giant cockroaches
  5 goblins
  4 hobgoblins
  2 jackals (D:3)
  4 quokkas
  5 ball pythons
  4 frilled lizards
  16 kobolds
  7 rats
  A butterfly (Lair:3)
733 creatures vanquished.

Vanquished Creatures (collateral kills)
  Aizul (Swamp:1)
  A boulder beetle (D:12)
  A centaur warrior (D:14)
  A cane toad (Lair:6)
  A gargoyle (D:14)
  A blink frog (Lair:4)
  A slime creature (D:12)
  A gnoll bouda (D:10)
  An orc wizard (D:10)
  An orc (Orc:2)
10 creatures vanquished.

Vanquished Creatures (others)
  2 bloated husks
  12 foxfires
  33 fungi
  54 plants
101 creatures vanquished.

Grand Total: 844 creatures vanquished

Notes
Turn   | Place    | Note
-------+----------+-------------------------------------------
     0 | D:1      | GeorgeSoros the Demonspawn Ice Elementalist began the quest
                  | for the Orb.
     0 | D:1      | Reached XP level 1. HP: 13/13 MP: 3/3
   133 | D:1      | Found a faded altar of an unknown god.
   310 | D:1      | Gained mutation: You have a pair of small horns on your
                  | head. [demonic ancestry]
   310 | D:1      | Reached XP level 2. HP: 19/19 MP: 1/5
  1823 | D:2      | Gained mutation: You are partially covered in slimy green
                  | scales. (AC +2) [demonic ancestry]
  1823 | D:2      | Reached XP level 3. HP: 24/24 MP: 4/6
  1988 | D:3      | Reached skill level 5 in Ice Magic
  2024 | D:3      | Gained mutation: You are mostly covered in slimy green
                  | scales. (AC +3) [demonic ancestry]
  2024 | D:3      | Reached XP level 4. HP: 25/30 MP: 3/7
  2129 | D:3      | Learned a level 3 spell: Frozen Ramparts
  2133 | D:3      | Learned a level 3 spell: Ozocubu's Armour
  2963 | D:3      | Gained mutation: You have a pair of horns on your head.
                  | [demonic ancestry]
  2963 | D:3      | Reached XP level 5. HP: 36/36 MP: 2/8
  3017 | D:3      | Found a stormy altar of Qazlal.
  3285 | D:3      | Became a worshipper of Qazlal Stormbringer
  3352 | D:4      | Reached skill level 1 in Fighting
  3352 | D:4      | Reached skill level 1 in Armour
  3587 | D:4      | Noticed an ogre
  3602 | D:4      | Killed an ogre
  3603 | D:4      | Reached XP level 6. HP: 2/44 MP: 3/9
  3923 | D:4      | Found a snail-covered altar of Cheibriados.
  4543 | D:4      | Reached * piety under Qazlal
  4622 | D:5      | Entered Level 5 of the Dungeon
  4693 | D:5      | Found a staircase to the Ecumenical Temple.
  4723 | D:5      | Noticed a wyvern
  4751 | D:5      | Reached XP level 7. HP: 52/52 MP: 3/10
  4895 | D:5      | Killed a wyvern
  5258 | D:5      | Reached skill level 2 in Dodging
  5313 | D:5      | Found a burning altar of Makhleb.
  5439 | D:5      | Identified the +8 spear of the Sheltering Gods {vorpal,
                  | Dex+5}
  5575 | D:5      | Reached skill level 1 in Polearms
  5621 | D:5      | Gained mutation: A weak demonic guardian rushes to your
                  | aid. [demonic ancestry]
  5621 | D:5      | Reached XP level 8. HP: 60/60 MP: 4/11
  5705 | D:5      | Reached skill level 3 in Dodging
  6051 | D:5      | Found a sacrificial altar of Ru.
  6378 | D:6      | Noticed Menkaure
  6437 | D:6      | Killed Menkaure
  6596 | D:6      | Noticed Prince Ribbit
  6660 | D:6      | Killed Prince Ribbit
  6661 | D:6      | Reached skill level 4 in Dodging
  6734 | D:6      | Noticed Dowan
  6735 | D:6      | Noticed Duvessa
  6744 | D:6      | Killed Duvessa
  6744 | D:6      | Noticed Maggie
  6755 | D:6      | Killed Maggie
  6756 | D:6      | Reached skill level 5 in Dodging
  6756 | D:6      | Gained mutation: A demonic guardian rushes to your aid.
                  | [demonic ancestry]
  6756 | D:6      | Reached XP level 9. HP: 42/65 MP: 4/12
  6758 | D:6      | Killed Dowan
  7231 | D:6      | Reached ** piety under Qazlal
  7261 | D:6      | Found a broken altar of Ashenzari.
  7398 | D:6      | Found a shimmering altar of Xom.
  7407 | D:6      | Reached skill level 6 in Dodging
  7814 | D:6      | Found a runed translucent door.
  7815 | D:6      | Noticed Crazy Yiuf
  7822 | D:6      | Killed Crazy Yiuf
  8436 | D:7      | Found a hide-covered altar of Uskayaw.
  8495 | D:7      | Learned a level 2 spell: Static Discharge
  8595 | D:8      | Reached skill level 7 in Dodging
  8596 | D:8      | Reached skill level 1 in Conjurations
  8596 | D:8      | Reached skill level 1 in Air Magic
  8596 | D:8      | Noticed a troll
  8608 | D:8      | Killed a troll
  8681 | D:8      | Gained mutation: You are completely covered in slimy green
                  | scales. (AC +4, rPois) [demonic ancestry]
  8681 | D:8      | Reached XP level 10. HP: 70/71 MP: 7/13
  8730 | D:8      | Reached *** piety under Qazlal
  8962 | D:8      | Found a staircase to the Lair.
  9135 | D:8      | Found a radiant altar of Vehumet.
  9436 | D:8      | Reached skill level 10 in Ice Magic
  9733 | Lair:1   | Entered Level 1 of the Lair of Beasts
 10161 | Lair:1   | Noticed a cane toad
 10173 | Lair:1   | Killed a cane toad
 10174 | Lair:1   | Reached skill level 8 in Dodging
 10239 | Lair:1   | Noticed a cane toad
 10246 | Lair:1   | Killed a cane toad
 10559 | Lair:1   | Reached XP level 11. HP: 68/77 MP: 6/14
 10985 | Lair:2   | Reached skill level 5 in Conjurations
 11155 | Lair:2   | Reached skill level 5 in Air Magic
 11364 | Lair:2   | Noticed Amaemon
 11380 | Lair:2   | Killed Amaemon
 11524 | Lair:2   | Noticed a five-headed hydra
 11529 | Lair:2   | Killed a five-headed hydra
 11971 | Lair:2   | You fall into a shaft and drop 1 floor!
 12170 | Lair:3   | Reached skill level 9 in Dodging
 12229 | Lair:3   | Reached **** piety under Qazlal
 12645 | Lair:3   | Noticed a bog body
 12649 | Lair:3   | Killed a bog body
 12650 | Lair:3   | Gained mutation: You regenerate a little health from kills.
                  | [demonic ancestry]
 12650 | Lair:3   | Reached XP level 12. HP: 45/83 MP: 7/15
 13115 | Lair:3   | Found a staircase to the Swamp.
 13621 | Lair:4   | Found a gate leading to a gauntlet.
 13653 | Gauntlet | Entered a Gauntlet
 13653 | Gauntlet | Found a transporter.
 13653 | Gauntlet | Found a transporter.
 13653 | Gauntlet | Found a transporter.
 13654 | Gauntlet | Found a transporter.
 13655 | Gauntlet | Found a transporter.
 13658 | Gauntlet | Found a transporter.
 13662 | Gauntlet | Found a runed translucent door.
 13664 | Gauntlet | Found a runed translucent door.
 13664 | Gauntlet | Noticed a death scarab
 13665 | Gauntlet | Found a transporter.
 13666 | Gauntlet | Found a transporter.
 13667 | Gauntlet | Found a transporter.
 13669 | Gauntlet | Found a transporter.
 13676 | Gauntlet | Noticed a great orb of eyes
 13678 | Gauntlet | Found a transporter.
 13678 | Gauntlet | Noticed a dire elephant
 13681 | Gauntlet | Found a transporter.
 13901 | Gauntlet | Identified the -1 cloak of Filth {rF+}
 13938 | Gauntlet | Identified the +1 pair of gloves of Intuition {+Inv rElec
                  | rF- rCorr}
 13944 | Gauntlet | Killed a great orb of eyes
 14020 | Gauntlet | Noticed a minotaur
 14031 | Gauntlet | Killed a minotaur
 14428 | Lair:4   | Reached skill level 10 in Dodging
 14428 | Lair:4   | Reached skill level 1 in Invocations
 15002 | Lair:4   | Found a hole to the Spider Nest.
 15208 | Lair:4   | Reached skill level 5 in Invocations
 15311 | Lair:4   | Reached XP level 13. HP: 84/88 MP: 6/16
 16256 | Lair:5   | Learned a level 5 spell: Lightning Bolt
 16391 | Lair:5   | Reached ***** piety under Qazlal
 16486 | Lair:5   | Found a large runed translucent door.
 16486 | Lair:5   | Found a large runed translucent door.
 16488 | Lair:5   | Noticed Think's ghost (journeyman OpFi)
 16621 | Lair:5   | Reached skill level 10 in Conjurations
 16628 | Lair:5   | Reached skill level 11 in Dodging
 17588 | Lair:5   | Killed Think's ghost
 17713 | Lair:6   | Entered Level 6 of the Lair of Beasts
 18114 | Lair:6   | Noticed Dega's ghost (journeyman SpHu)
 18122 | Lair:6   | Identified the amulet "Goaf" {Reflect rF+ MP+9 Slay+5 SH+5}
 18301 | Lair:6   | Found a runed translucent door.
 18327 | Lair:6   | Reached skill level 10 in Air Magic
 18559 | Lair:6   | Found a staircase to the Slime Pits.
 18560 | Lair:6   | Found a viscous altar of Jiyva.
 18893 | Lair:6   | Gained mutation: You have a pair of large horns on your
                  | head. [demonic ancestry]
 18893 | Lair:6   | Reached XP level 14. HP: 84/95 MP: 20/20
 19144 | Lair:6   | Found a burning altar of Makhleb.
 19280 | Lair:6   | Found a gateway to Hell.
 19552 | D:9      | Found a transporter.
 19639 | D:9      | Found an ornate altar of the Wu Jian Council.
 19725 | D:9      | Found a hazy altar of Hepliaklqana.
 19840 | D:9      | Found a transporter.
 19844 | D:9      | Found a transporter.
 19866 | D:9      | Found a transporter.
 19904 | D:9      | Reached skill level 12 in Dodging
 19928 | D:9      | Found a shadowy altar of Dithmenos.
 20480 | D:10     | Entered Level 10 of the Dungeon
 20528 | D:10     | Got Orauqe's Guidebook on the Glacier
 20536 | D:10     | Reached skill level 10 in Invocations
 20814 | D:10     | Identified the +3 ring mail "Nufeob" {rC- Str+7}
 20839 | D:10     | Found an ancient bone altar of Kikubaaqudgha.
 21113 | D:11     | Found a stormy altar of Qazlal.
 21251 | D:11     | Found a frozen archway.
 21258 | D:11     | Reached ****** piety under Qazlal
 21408 | IceCv    | Entered an ice cave
 21788 | IceCv    | Noticed a reaper
 21803 | IceCv    | Killed a reaper
 21952 | IceCv    | Got Meudweow's Tractate on Firn
 23030 | D:11     | Identified a scroll of acquirement
 23415 | D:12     | Reached skill level 1 in Shields
 23727 | D:12     | Reached skill level 5 in Fighting
 24243 | D:12     | Found a staircase to the Orcish Mines.
 24515 | Orc:1    | Entered Level 1 of the Orcish Mines
 24986 | Orc:2    | Entered Level 2 of the Orcish Mines
 25234 | Orc:2    | Gained mutation: You regenerate health from kills. [demonic
                  | ancestry]
 25234 | Orc:2    | Reached XP level 15. HP: 105/105 MP: 22/22
 25594 | Orc:2    | Found a staircase to the Elven Halls.
 25645 | Orc:2    | Reached skill level 5 in Armour
 25890 | Orc:2    | Noticed an orc warlord
 25904 | Orc:2    | Killed an orc warlord
 26200 | Orc:2    | Found Itogefas's Jewellery Shop.
 26216 | Orc:2    | Found Aggioru's Antique Armour Shop.
 26243 | Orc:2    | Found Moxkaf's Antique Weapon Shop.
 26284 | Orc:2    | Found Tewnaiz's General Store.
 26650 | D:13     | Acquired 768 gold pieces
 26717 | D:13     | Reached skill level 5 in Spellcasting
 27106 | D:13     | Noticed Josephine
 27116 | D:13     | Killed Josephine
 27737 | D:13     | Identified the +7 trident "Refiu" {flame, rC+ Int+3}
 27961 | D:13     | Identified the amulet "Aben" {RegenMP rN+ Str+2}
 28236 | D:14     | Noticed Frances
 28250 | D:14     | Killed Frances
 28281 | D:14     | Reached skill level 5 in Shields
 29085 | D:14     | Found a gate to the Vaults.
 29494 | Swamp:1  | Entered Level 1 of the Swamp
 30062 | Orc:2    | Bought a ring of see invisible for 180 gold pieces
 30082 | Orc:2    | Bought an ichor-stained robe for 159 gold pieces
 30082 | Orc:2    | Identified the +1 robe of Light {Int+4} (You bought it in a
                  | shop on level 2 of the Orcish Mines)
 30107 | Orc:2    | Learned a level 5 spell: Freezing Cloud
 30123 | Orc:2    | Bought a scroll of enchant armour for 120 gold pieces
 30403 | Swamp:1  | Reached skill level 5 in Polearms
 30574 | Swamp:1  | Noticed Aizul
 30583 | Swamp:1  | Killed Aizul
 30839 | Swamp:1  | Gained mutation: Your hexes are more powerful. [demonic
                  | ancestry]
 30839 | Swamp:1  | Reached XP level 16. HP: 111/111 MP: 25/25
 31490 | Swamp:2  | Killed from afar by a will-o-the-wisp

Illustrated notes

Levels and vault maps discovered:
D:1:      psy_arrival_fountain, layout_basic, shapermc_ecumenical_altar_ellora,
          serial_forest, infiniplex_forest_clump_long,
          infiniplex_forest_zigzag_1, infiniplex_forest_lined_3,
          infiniplex_forest_clump_small, infiniplex_forest_corner_1,
          infiniplex_forest_corner_1, infiniplex_forest_lined_room_,
          infiniplex_forest_clump_cross
D:2:      layout_loops_ring
D:3:      layout_basic, lemuel_coloured_pillars_altar
D:4:      layout_rooms, mainiacjoe_overflow_alcove_2, minmay_misc_feat_encased,
          nrook_campfire
D:5:      layout_cave_pods, mainiacjoe_overflow_small_starburst,
          marbit_many_paths, minmay_temple_entry_glassed_door, serial_bayou,
          serial_bayou_crossing, serial_bayou_pond_e, serial_bayou_pond_a,
          serial_bayou_pond_c, hangedman_abyss_or_decor_stabs
D:6:      layout_loops_ring, led_xom_imps,
          mainiacjoe_overflow_concentric_impassable, uniq_menkaure,
          uniq_duvessa, uniq_maggie, uniq_crazy_yiuf_cottage,
          uniq_prince_ribbit1
D:7:      layout_rooms, nicolae_uskayaw_murder_on_the_dancefloor
D:8:      layout_basic, nicolae_vehumet_radiance, erik_lair_island
D:9:      layout_long_grid, nicolae_hepliaklqana_hazy_memory,
          lemuel_doored_altar, grunt_dithmenos_smoke, nicolae_diode_quadrants
D:10:     layout_rooms, lemuel_tele_altar
D:11:     wad_woods_structure_01, layout_basic,
          portal_ice_cave_entry_animals_and_master, grunt_qazlal_clouds
D:12:     layout_loops_ring, david_orc_4, minmay_between
D:13:     minmay_weird_star, layout_basic, uniq_josephine
D:14:     layout_basic, grunt_vaults_entry_tiered,
          nicolae_concentric_dashed_squares_mild, uniq_frances
Lair:1:   layout_hall_layers, basic_altar
Lair:2:   layout_long_grid, uniq_amaemon
Lair:3:   layout_roguey, nicolae_swamp_entry_splash_gauntlet, lemuel_fruit_tree,
          lemuel_fruit_fields
Lair:4:   layout_cave_pods, nicolae_spider_entry_tight_spaces,
          gauntlet_entry_generic
Lair:5:   layout_regular_city, ebering_ghost_disaster_area, grunt_megastairs_5
Lair:6:   evil_forest, layout_misc_corridors, slime_entry_1,
          hellmonk_ghost_happy_afterlife, lemuel_old_faithful
Swamp:1:  layout_falls_marsh, nicolae_swamp_tree_isthmus, swamp_pool5,
          nicolae_swamp_tree_designs, infiniplex_staircase_pool, uniq_aizul
Swamp:2:  layout_falls_marsh, hangedman_swamp_ruin_wall
Orc:1:    layout_caves
Orc:2:    grunt_orc_cross, layout_diamond_mine, abandoned_shop

Skill      XL: |  1  2  3  4  5  6  7  8  9 10 11 12 13 14 15 |
---------------+----------------------------------------------+-----
Ice Magic      | 4 5 6 7 8 9 10 11 | 11.0
Fighting       | 2 3 4 5 6 |  6.0
Armour         | 1 2 3 4 7 |  7.8
Dodging        | 2 5 7 8 9 10 11 12 | 12.6
Polearms       | 1 3 5 |  5.9
Conjurations   | 1 4 7 9 11 | 11.0
Air Magic      | 1 4 7 8 10 11 | 11.4
Invocations    | 5 9 10 | 10.5
Shields        | 3 6 |  6.9
Spellcasting   | 4 6 |  6.0
Stealth        | |  1.7

Action                   |  1- 3 |  4- 6 |  7- 9 | 10-12 | 13-15 | 16-18 || total
-------------------------+-------+-------+-------+-------+-------+-------++-------
Melee: Dagger            |     9 |    54 |    18 |       |       |       ||    81
       Headbutt          |       |    11 |    21 |    61 |   228 |     5 ||   326
       Punch             |       |     1 |     1 |     5 |    12 |       ||    19
       Spear             |       |       |   141 |   339 |   851 |       ||  1331
       Trident           |       |       |       |       |   163 |    20 ||   183
 Cast: Freeze            |    38 |    26 |       |       |       |       ||    64
       Frozen Ramparts   |       |    16 |    32 |    63 |   117 |       ||   228
       Ozocubu's Armour  |       |    12 |    16 |    47 |   103 |     5 ||   183
       Lightning Bolt    |       |       |       |       |    19 |       ||    19
       Freezing Cloud    |       |       |       |       |    10 |     5 ||    15
Invok: Elemental Force   |       |       |       |       |     1 |       ||     1
Evoke: Wand              |       |       |       |     7 |     1 |       ||     8
  Use: Scroll            |     4 |     7 |     2 |    12 |    11 |       ||    36
       Potion            |       |       |     1 |       |     7 |       ||     8
 Stab: Sleeping          |     4 |     3 |       |       |       |       ||     7
       Distracted        |       |     1 |       |       |     2 |       ||     3
Armor: Robe              |     6 |    23 |       |       |       |       ||    29
       Leather armour    |       |       |    31 |   101 |   210 |     8 ||   350
Dodge: Dodged            |    20 |    46 |    75 |   168 |   411 |     7 ||   727
       Repelled          |       |       |       |     1 |    13 |       ||    14
Block: Other             |       |       |     7 |    38 |   355 |       ||   400
       Reflection        |       |       |       |       |    48 |       ||    48
       Buckler           |       |       |       |       |   110 |    11 ||   121

Table legend: (Time is in decaauts)
 A = Elapsed time spent in this place.
 B = Non-inter-level travel time spent in this place.
 C = Inter-level travel time spent in this place.
 D = Time resting spent in this place.
 E = Time spent auto-exploring this place.
 F = Levels seen in this place.
 G = Mean time per level.
                   A        B        C        D        E       F      G
               +--------+--------+--------+--------+--------+-----+--------+
         Total |  31549 |  29206 |   2343 |   1190 |  22566 |  26 | 1213.4 |
       Dungeon |  16983 |  15589 |   1394 |    535 |  12195 |  14 | 1213.1 |
          Lair |   9638 |   9008 |    630 |    502 |   7054 |   6 | 1606.3 |
         Swamp |   1190 |   1125 |     65 |      0 |    890 |   2 |  595.0 |
  Orcish Mines |   2182 |   1929 |    253 |     38 |   1364 |   2 | 1091.0 |
      Ice Cave |    880 |    880 |      0 |      9 |    666 |   1 |  880.0 |
      Gauntlet |    674 |    674 |      0 |    106 |    396 |   1 |  674.0 |
               +--------+--------+--------+--------+--------+-----+--------+

Top non-repeatable levels by time:
     D:5: 1854 daAuts
  Lair:4: 1844 daAuts
  Lair:5: 1657 daAuts
  Lair:6: 1639 daAuts
  Lair:3: 1637 daAuts
   Orc:2: 1635 daAuts
    D:13: 1593 daAuts
     D:6: 1593 daAuts
  Lair:2: 1495 daAuts
     D:3: 1423 daAuts
    D:11: 1368 daAuts
  Lair:1: 1363 daAuts
    D:12: 1335 daAuts
     D:8: 1287 daAuts
     D:4: 1228 daAuts
